 Dungeon Crawl Stone Soup version 0.26.1-11-gd32895ea62 (webtiles) character file.

Game seed: 13487395684240221741

70 bigdumb the Skirmisher (level 3, 0/31 HPs)
             Began as a Demigod Fighter on July 5, 2021.
             Killed from afar by a dart slug (3 damage)
             ... with a slug dart
             ... on level 3 of the Dungeon.
             The game lasted 00:03:51 (1951 turns).

bigdumb the Skirmisher (Demigod Fighter)            Turns: 1951, Time: 00:03:52

Health: 0/31       AC: 13    Str: 21    XL:     3   Next: 76%
Magic:  5/5        EV:  8    Int: 12    God:
Gold:   131        SH:  0    Dex: 15    Spells: 2/2 levels left

rFire    . . .     SeeInvis .   r - +0 mace
rCold    . . .     Faith    .   (no shield)
rNeg     . . .     Spirit   .   t - +0 chain mail
rPois    .         Reflect  .   (no helmet)
rElec    .         Harm     .   (no cloak)
rCorr    .         Rampage  .   (no gloves)
Will     .....                  (no boots)
Stlth    ..........             (no amulet)
HPRegen  0.10/turn              o - +4 ring of protection
MPRegen  0.09/turn              (no ring)

@: no status effects
A: high mp 1
a: no special abilities


You were on level 3 of the Dungeon.
You visited 1 branch of the dungeon, and saw 3 of its levels.

You collected 131 gold pieces.

Inventory:

Hand Weapons
 a - a +0 flail
 r - a +0 mace (weapon)
Armour
 b - a +0 scale mail
 c - a +0 kite shield
 s - a +0 leather armour of willpower
 t - a +0 chain mail (worn)
Jewellery
 o - a +4 ring of protection (left hand)
Scrolls
 j - a scroll of enchant armour {unknown}
 k - a scroll of enchant weapon {unknown}
 m - 2 scrolls of remove curse {unknown}
 p - a scroll of immolation {unknown}
 q - a scroll of amnesia {unknown}
 u - a scroll of blinking {unknown}
Potions
 d - a potion of might
 e - a potion of curing {unknown}
 f - a potion of brilliance {unknown}
 g - a potion of ambrosia {unknown}
 h - a potion of heal wounds {unknown}
 i - a potion of haste {unknown}
 l - a potion of attraction {unknown}
 n - a potion of flight {unknown}


   Skills:
 * Level 3.2 Fighting
 * Level 3.0 Maces & Flails
 + Level 3.0 Armour
 * Level 0.9 Dodging
 - Level 2.6 Shields


You had 2 spell levels left.
You didn't know any spells.
Your spell library was empty.

Dungeon Overview and Level Annotations

Branches:
Dungeon (3/15)

Annotations:
D:3 Grinder


Innate Abilities, Weirdness & Mutations

You have an increased reservoir of magic. (+10% MP)


Message History

You can move again.
Grinder gestures at you. Pain shoots through your body!
* * * LOW HITPOINT WARNING * * *
Grinder says, "There's only one good use for a tongue: cutting it out."
Grinder blinks!
Things that are here:
a +0 dagger; an orc corpse
Things that are here:
a +0 club; an orc corpse Grinder says, "FISH!"
Grinder blinks!
Grinder says, "DUCK!"
The goblin completely misses you. The goblin barely misses you.
You see here a whip.
Grinder blinks!
The dart slug launches a dart at you. The slug dart hits you.
You die...

######## #...(..# #......#
#......# #).....#
###......########......#
..............@.g)...<#
.###......#######w))....#
........####......)5....#
.........##....###.......#
...?.....#....## #####+++#
#..........#..#
#.............#
#........###..#
#......#..##..#


You could see Grinder, a dart slug and a goblin.

Vanquished Creatures
  An ooze (D:3)
  2 worms (D:2)
  A dart slug (D:2)
  3 leopard geckos
  6 orcs
  A giant cockroach (D:1)
  3 goblins
  7 hobgoblins
  5 jackals
  A ball python (D:2)
  4 bats
  2 frilled lizards (D:2)
  4 kobolds
  6 rats
46 creatures vanquished.

Notes
Turn   | Place    | Note
-------+----------+-------------------------------------------
     0 | D:1      | bigdumb the Demigod Fighter began the quest for the Orb.
     0 | D:1      | Reached XP level 1. HP: 18/18 MP: 3/3
   218 | D:1      | Reached XP level 2. HP: 22/26 MP: 4/4
   817 | D:2      | Reached XP level 3. HP: 10/31 MP: 5/5
  1117 | D:2      | Found a glowing golden altar of the Shining One.
  1913 | D:3      | Noticed Grinder
  1930 | D:3      | Paralysed by Grinder for 6 turns
  1951 | D:3      | Killed from afar by a dart slug

Illustrated notes

Levels and vault maps discovered:
D:1:      minmay_arrival_four_loops, layout_basic, minmay_misc_feat_alley
D:2:      layout_rooms, lemuel_crystal_altar, minmay_pentomino_p4
D:3:      layout_rooms, gammafunk_ghost_smash, nemelex_altar_shiori,
          uniq_grinder, uniq_ijyb

Skill      XL: |  1  2  3 |
---------------+----------+-----
Maces & Flails | 2 3 |  3.0
Fighting       | 3 |  3.2
Armour         | 3 |  3.0
Dodging        | |  0.9
Shields        | |  2.6

Action                   || total
-------------------------++-------
Melee: Flail             ||   125
       Mace              ||    13
Armor: Scale mail        ||    67
       Chain mail        ||    19
Dodge: Dodged            ||    73
Block: Kite shield       ||    29
